 Dungeon Crawl Stone Soup version 0.29.1-1-gd02db6906a (webtiles) character file.

Game seed: 2754345130534786388

700 Doomgape the Changer (level 7, -7/44 HPs)
             Began as an Octopode Transmuter on Sept 17, 2022.
             Mangled by an ogre
             ... wielding a +0 giant spiked club
              (18 damage)
             ... on level 5 of the Dungeon.
             The game lasted 00:10:41 (4815 turns).

Doomgape the Changer (Octopode Transmuter)          Turns: 4815, Time: 00:10:42

Health: -7/44      AC:  5    Str: 18    XL:     7   Next: 65%
Magic:  19/19      EV: 17    Int: 27    God:
Gold:   211        SH:  0    Dex: 12    Spells: 3/10 levels left

rFire   . . .      SeeInvis +     - Unarmed
rCold   . . .      Faith    .   (no shield)
rNeg    . . .      Spirit   .   (helmet currently unavailable)
rPois   +          Reflect  .   (no amulet)
rElec   .          Harm     .   b - +4 ring of protection
rCorr   +          Rampage  .   h - ring of Pride {rPois rCorr Str+6 Int+4}
Will    .....                   u - +4 ring of evasion
Stlth   ++........              w - ring of Tulips {MP+9 Int+8 SInv}
HPRegen 0.14/turn               (no ring)
MPRegen 0.16/turn               (no ring)
                                (no ring)
                                (no ring)

@: appendages
A: tentacle spike 3, almost no armour, amphibious, 8 rings, camouflage 1,
gelatinous body 1, (nimble swimmer 1), tentacles
a: End Transformation


You were on level 5 of the Dungeon.
One of your tentacles had grown a beastly spike.
You visited 1 branch of the dungeon, and saw 5 of its levels.

You collected 241 gold pieces.
You spent 30 gold pieces at shops.

Inventory:

Armour
 f - a +0 buckler
Magical Staves
 g - a staff of cold
Jewellery
 b - a +4 ring of protection (left tentacle)
 h - the ring of Pride (right tentacle) {rPois rCorr Str+6 Int+4}
   (You acquired it on level 4 of the Dungeon)

   [ring of strength]

   Str:       It affects your strength (+6).
   Int:       It affects your intelligence (+4).
   rPois:     It protects you from poison.
   rCorr:     It protects you from acid and corrosion.
 u - a +4 ring of evasion (on tentacle)
 w - the ring of Tulips (on tentacle) {MP+9 Int+8 SInv}
   (You acquired it on level 5 of the Dungeon)

   [ring of see invisible]

   Int:       It affects your intelligence (+8).
   MP:        It affects your magic capacity (+9).
   SInv:      It lets you see invisible.
Wands
 p - a wand of mindburst (11)
Scrolls
 c - a scroll of brand weapon {unknown}
 d - 3 scrolls of enchant weapon
 i - a scroll of enchant armour
 j - 2 scrolls of teleportation
 o - a scroll of identify
 s - a scroll of butterflies
 t - 2 scrolls of immolation {unknown}
 x - a scroll of amnesia {unknown}
Potions
 a - 3 potions of lignification
 e - 4 potions of curing {unknown}
 k - a potion of haste {unknown}
 l - a potion of mutation {unknown}
 m - 4 potions of flight {unknown}
 n - a potion of invisibility {unknown}
 q - 3 potions of brilliance {unknown}
 r - a potion of attraction {unknown}
 v - a potion of heal wounds


   Skills:
 - Level 1.8 Fighting
 - Level 2.5 Dodging
 - Level 5.2 Unarmed Combat
 - Level 2.4 Spellcasting
 + Level 6.5 Transmutations


You had 3 spell levels left.
You knew the following spells:

 Your Spells              Type           Power      Damage    Failure   Level
a - Beastly Appendage     Tmut           76%        N/A       1%          1
b - Ice Form              Ice/Tmut       20%        N/A       24%         4
c - Wereblood             Tmut           38%        N/A       1%          2

Your spell library contained the following spells:

 Spells                   Type           Power      Damage    Failure   Level
 Spider Form              Tmut/Pois      20%        N/A       8%          3
 Blink                    Tloc           6%         N/A       14%         2
 Stone Arrow              Conj/Erth      6%         3d7       28%         3
 Tukima's Dance           Hex            3%         N/A       28%         3
 Yara's Violent Unravell  Hex/Tmut       10%        3d6       56%         5
 Passage of Golubria      Tloc           3%         N/A       67%         4
 Manifold Assault         Tloc           3%         N/A       95%         5
 Storm Form               Tmut/Air       10%        N/A       100%        7
 Lehudib's Crystal Spear  Conj/Erth      1%         10d2      100%        8
 Animate Armour           Summ/Erth      Unusable   N/A       N/A         4

Dungeon Overview and Level Annotations

Branches:
Dungeon (5/15)
 Temple: D:4-7

Altars:
Dithmenos
Hepliaklqana
Sif Muna

Shops:
D:5 *


Innate Abilities, Weirdness & Mutations

One of your tentacles has grown a beastly spike.
You cannot wear most types of armour.
You are amphibious.
You can wear up to eight rings at the same time.
Your skin changes colour to match your surroundings (Stealth+).
Your rubbery body absorbs attacks. (AC +1, EV +1)
((You are camouflaged when in or above water. (Stealth+)))
You have tentacles for arms and can constrict up to eight enemies at once.


Message History

Things that are here:
a +0 whip; a +0 chain mail of cold resistance You pick up an Inescapable Atlas and begin reading...
You add the spells Blink, Manifold Assault and Storm Form to your library.
Okay, then.
Okay, then.
x - a scroll labelled YQUOLE BOHAEGH Your transformation is almost over.
Your tentacle spike disappears.
A hound and an ogre come into view.
Casting: Beastly Appendage (safe; 1% risk of failure)
Confirm with . or Enter, or press ? or * to list all spells.
One of your tentacles grows a vicious spike.
Found a stone staircase leading up.
The hound barks!
You hear an angry hiss.
The hound attacks as you move away! The hound completely misses you.
You closely miss the hound. Your grab misses the hound.
Your tentacle spike misses the hound.
Your squeeze misses the hound. The hound barely misses you.
You tentacle-slap the hound. You grab the hound.
You pierce the hound!
The hound is heavily wounded.
You constrict the hound. The hound barely misses you.
The hound completely misses you.
You tentacle-slap the hound.
The hound is severely wounded.
You constrict the hound. The hound closely misses you.
You tentacle-slap the hound but do no damage.
The hound is almost dead.
You constrict the hound.
You kill the hound!
You bludgeon the ogre!
The ogre is moderately wounded.
The ogre hits you with a +0 giant spiked club!!
Ouch! That really hurt!
* * * LOW HITPOINT WARNING * * *
You hear an angry hiss.
You barely miss the ogre.
The ogre is moderately wounded.
The ogre hits you with a +0 giant spiked club!!
You die...

..################.#.#####.#.#
.....#.............#.........#
..##....##################.###
###......## #.# ##........##
#.# #..........## #.#
............## ###########.#
.............###...........#
..............##@###########
...........)...#O#....#####
.................#.........
......)..........##........
...........................
.................>#........
...............(...........
.........................<.
.....................######


You could see an ogre.

Vanquished Creatures
  2 black bears
  A phantom (D:4)
  2 scorpions
  A jelly (D:5)
  A hound (D:5)
  2 iguanas
  A gnoll bouda (D:5)
  8 gnolls
  2 adders
  A worm (D:4)
  5 dart slugs
  2 orcs (D:5)
  6 ball pythons
  6 bats
  8 endoplasms
  2 giant cockroaches
  7 goblins
  6 hobgoblins
  6 jackals (D:1)
  2 quokkas
  2 frilled lizards
  3 kobolds
  9 rats
85 creatures vanquished.

Notes
Turn   | Place    | Note
-------+----------+-------------------------------------------
     0 | D:1      | Doomgape the Octopode Transmuter began the quest for the
                  | Orb.
     0 | D:1      | Reached XP level 1. HP: 13/13 MP: 3/3
   223 | D:1      | Reached XP level 2. HP: 18/18 MP: 3/5
   679 | D:1      | Reached XP level 3. HP: 19/23 MP: 4/6
  1143 | D:2      | You fall into a shaft and drop 1 floor!
  1275 | D:2      | Found a faded altar of an unknown god.
  1509 | D:2      | Reached XP level 4. HP: 29/29 MP: 5/7
  2210 | D:3      | Found a shadowy altar of Dithmenos.
  2791 | D:4      | Identified a scroll of acquirement
  2791 | D:4      | Acquired the ring of Pride {rPois rCorr Str+6 Int+4}
  2922 | D:4      | Noticed a phantom
  2937 | D:4      | Killed a phantom
  2938 | D:4      | Reached skill level 5 in Unarmed Combat
  2938 | D:4      | Reached XP level 5. HP: 30/34 MP: 8/8
  3285 | D:4      | Reached skill level 3 in Transmutations
  3285 | D:4      | Reached XP level 6. HP: 35/39 MP: 7/9
  3326 | D:4      | Noticed a black bear
  3334 | D:4      | Killed a black bear
  3335 | D:4      | Reached skill level 4 in Transmutations
  3699 | D:4      | Found a shimmering blue altar of Sif Muna.
  3904 | D:5      | Entered Level 5 of the Dungeon
  3947 | D:5      | Noticed a black bear
  3954 | D:5      | Reached skill level 5 in Transmutations
  3954 | D:5      | Reached XP level 7. HP: 43/44 MP: 10/10
  4240 | D:5      | Learned a level 4 spell: Ice Form
  4243 | D:5      | Learned a level 2 spell: Wereblood
  4326 | D:5      | Found a faded altar of an unknown god.
  4326 | D:5      | Found a faded altar of an unknown god.
  4326 | D:5      | Found a hazy altar of Hepliaklqana.
  4327 | D:5      | Found a faded altar of an unknown god.
  4528 | D:5      | Reached skill level 6 in Transmutations
  4561 | D:5      | Found Lile's CLEARANCE SALE!.
  4566 | D:5      | Bought a potion of heal wounds for 30 gold pieces
  4627 | D:5      | Acquired the ring of Tulips {MP+9 Int+8 SInv}
  4815 | D:5      | Mangled by an ogre

Illustrated notes

Levels and vault maps discovered:
D:1:      dpeg_arrival_ratfight, layout_rooms
D:2:      layout_loops_cross, ebering_ecumenical_altar_mist, nicolae_titane
D:3:      layout_loops_corners, mainiacjoe_overflow_tiny_flanked,
          minmay_misc_feat_iff, kennysheep_nondescript
D:4:      layout_loops_cross, general_overflow_altar, fountainhead,
          kennysheep_nub, kennysheep_doodads, minmay_misc_feat_square,
          minmay_misc_feat_x, nicolae_grassy_gnolls
D:5:      layout_basic, nicolae_hepliaklqana_ecumenical_no_more,
          chequers_garden, nicolae_shop_clearance

Skill      XL: |  1  2  3  4  5  6  7 |
---------------+----------------------+-----
Unarmed Combat | 5 |  5.2
Transmutations | 3 5 6 |  6.5
Fighting       | |  1.8
Dodging        | |  2.5
Spellcasting   | |  2.4

Action                   |  1- 3 |  4- 6 |  7- 9 || total
-------------------------+-------+-------+-------++-------
Melee: Unarmed           |    80 |    78 |    30 ||   188
       Kick              |    24 |    25 |     7 ||    56
       Constrict         |    26 |    19 |     7 ||    52
       Tentacles         |    16 |    15 |     5 ||    36
       Punch             |     2 |     3 |     2 ||     7
 Cast: Beastly Appendage |    21 |    25 |     7 ||    53
       Ice Form          |       |       |     1 ||     1
       Wereblood         |       |       |     1 ||     1
Evoke: Wand              |       |     4 |     1 ||     5
  Use: Scroll            |     5 |     2 |     2 ||     9
       Potion            |       |     1 |       ||     1
 Stab: Sleeping          |     3 |     3 |       ||     6
       Distracted        |       |     1 |       ||     1
Armor: Skin              |    31 |    14 |     6 ||    51
Dodge: Dodged            |    42 |    43 |    27 ||   112
